 Dungeon Crawl Stone Soup version 0.17-a0-1648-g0a089d4 (webtiles) character file.

5533 demenator the Protected (level 10, -10/93 HPs)
             Began as a Minotaur Fighter on Aug 11, 2015.
             Was a High Priest of Ru.
             Mangled by an enormous slime creature (69 damage)
             ... on level 9 of the Dungeon on Aug 12, 2015.
             The game lasted 00:49:26 (10403 turns).

demenator the Protected (Minotaur Fighter)         Turns: 10403, Time: 00:49:26

Health: -10/93     AC: 14    Str: 26    XL:     10   Next: 43%
Magic:  9/9        EV:  7    Int:  7    God:    Ru [*****.]
Gold:   453        SH:  0    Dex: 12    Spells: 0 memorised, 9 levels left

rFire  . . .     SeeInvis .     a - +1 long sword
rCold  . . .     Clarity  .     j - +0 plate armour
rNeg   . . .     SustAt   .     (shield unavailable)
rPois  .         Gourm    +     (helmet restricted)
rElec  .         Spirit   .     (no cloak)
rCorr  .         Warding  .     (no gloves)
rMut   .         Stasis   .     (no boots)
MR     .....                    y - amulet "Velaj" {Gourm Stlth+}
Stlth  ..........               (no ring)
                                (ring unavailable)

@: not resistant to hostile enchantments, extremely unstealthy
A: retaliatory headbutt, horns 2, agile 1, clever 1, strong 1, missing a hand,
no stealth, hated by all
a: Draw Out Power, Power Leap, Apocalypse, Renounce Religion


You were on level 9 of the Dungeon.
You worshipped Ru.
Ru was extremely pleased with you.
You were very full.

You visited 2 branches of the dungeon, and saw 10 of its levels.
You also visited: Ossuary.

You collected 453 gold pieces.

Inventory:

Hand weapons
 a - a +1 long sword (weapon)
Armour
 c - a +2 shield
 j - a +0 plate armour (worn)
Jewellery
 k - an uncursed ring of ice {unknown}
 w - a +2 ring of dexterity {unknown}
 y - the amulet "Velaj" (around neck) {Gourm Stlth+}
   (You found it on level 4 of the Dungeon)

   [amulet of the gourmand]

   It allows you to eat raw meat even when not hungry.
   It makes you more stealthy.
 A - an uncursed ring of see invisible {unknown}
 C - an uncursed ring of sustain attributes {unknown}
 H - an uncursed ring of sustain attributes {unknown}
Magical devices
 l - a wand of polymorph (10)
 n - a wand of disintegration (9)
 q - a wand of fire (2)
 G - a wand of magic darts (22)
Scrolls
 d - a scroll of enchant weapon
 h - 6 scrolls of identify
 i - a scroll of fear
 m - a scroll of holy word {unknown}
 o - a scroll of enchant armour
 p - 4 scrolls of teleportation
 r - 2 scrolls of magic mapping
 u - 2 scrolls of amnesia {unknown}
 x - 3 scrolls of recharging {unknown}
 I - a scroll of vulnerability {unknown}
 J - a scroll of fog
Potions
 b - a potion of cure mutation {unknown}
 f - 4 potions of curing
 g - a potion of flight
 s - 3 potions of heal wounds
 t - a potion of invisibility
 z - 2 potions of magic {unknown}
 D - a potion of ambrosia {unknown}
 E - a potion of haste {unknown}
Books
 v - a book of Clouds

   Spells                             Type                      Level
   a - Mephitic Cloud                 Conjuration/Poison/Air       3
   b - Conjure Flame                  Conjuration/Fire             3
   c - Poisonous Cloud                Conjuration/Poison/Air       6
   d - Freezing Cloud                 Conjuration/Ice/Air          6
   e - Ring of Flames                 Charms/Fire                  7
 B - a book of Air

   Spells                             Type                      Level
   a - Shock                          Conjuration/Air              1
   b - Swiftness                      Charms/Air                   2
   c - Repel Missiles                 Charms/Air                   2
   d - Static Discharge               Conjuration/Air              3
   e - Lightning Bolt                 Conjuration/Air              5
Comestibles
 e - 3 bread rations
 F - 18 fruits


   Skills:
 + Level 10.3 Fighting
 + Level 10.0 Long Blades
 + Level 10.4 Armour
   Level 0.0 Shields


You had 9 spell levels left.
You didn't know any spells.

Dungeon Overview and Level Annotations

Branches:
Dungeon (9/15)             Temple (1/1) D:4            Lair (0/8) D:8
    Orc: D:9-12

Altars:
Ashenzari
Cheibriados
Dithmenos
Elyvilon
Fedhas
Gozag
Kikubaaqudgha
Makhleb
Nemelex Xobeh
Okawaru
Qazlal
Ru
Sif Muna
Trog
Vehumet
Xom
Yredelemnul
Zin
The Shining One


Innate Abilities, Weirdness & Mutations

You reflexively headbutt those who attack you in melee.
You have a pair of horns on your head.
You are missing a hand.
You cannot be stealthy.
You are hated by all.
You are agile. (Dex +2)
Your mind is acute. (Int +2)
Your muscles are strong. (Str +2)


Message History

The slime creature completely misses you.
You hit the enormous slime creature.
The enormous slime creature is moderately wounded.
The slime creature hits you.
You slash the enormous slime creature!
The enormous slime creature is moderately wounded.
The slime creature hits you!
You hit the enormous slime creature.
You headbutt the enormous slime creature.
The enormous slime creature is moderately wounded.
The slime creature closely misses you.
You slash the enormous slime creature!
The enormous slime creature is moderately wounded.
The enormous slime creature closely misses you.
The slime creature hits you!
You hit the enormous slime creature but do no damage.
The enormous slime creature is moderately wounded.
The enormous slime creature hits you!!!
Ouch! That really hurt!
You die...

########'#######+##...........
#...#...................#'####
#.(.#...................#.....
#...'...................+.....
#..)#...................#.....
#...#...................#.....
#...###+###......(......#.....
###'##....#.............#.....
#...##....###@####......#.....
#...........JJ...+......#.....
#................#......'.....
#................#......#.....
#...###'####.....#......#.....
#...##....##.....#...#..#.....
##+###....####'###...#..#.....
#...##....#.........###.#.....
#.........'.........#_#.#.....


You could see an enormous slime creature and a slime creature.

Vanquished Creatures
  The ghost of mrath the Cleaver, an experienced MiFi of Okawaru (D:6)
  Maurice (D:8)
  Joseph (D:9)
  A steam dragon (D:9)
  Eustachio (D:4)
  A hungry ghost (D:9)
  Edmund (D:5)
  Duvessa (D:4)
  An orc warrior (D:5)
  A black bear (D:7)
  3 centaurs
  2 ice beasts
  3 phantoms
  7 ogres
  3 giant frogs
  A big kobold (D:9)
  Dowan (D:4)
  3 scorpions
  4 killer bees
  6 wights
  3 crimson imps
  2 giant frog zombies
  4 hounds
  A gnoll shaman (D:5)
  A jelly (D:7)
  2 iguanas
  A giant frog skeleton (D:5)
  3 orc priests
  A quasit (D:9)
  4 worker ants
  5 orc wizards
  A killer bee zombie (D:7)
  4 hound zombies
  3 hound skeletons
  4 mummies
  13 adders
  14 gnolls
  A worker ant zombie (D:3)
  A river rat (D:8)
  2 shadow imps (D:5)
  3 oozes
  5 adder zombies (Ossuary)
  3 adder skeletons
  4 worms
  5 giant geckos
  31 orcs
  3 ball pythons
  8 bats
  10 hobgoblins
  17 jackals
  3 quokkas
  A ball python skeleton (D:3)
  A ball python zombie (D:3)
  5 giant cockroaches
  A giant gecko zombie (D:3)
  5 giant newts
  17 goblins
  A goblin zombie (D:4)
  3 hobgoblin zombies (Ossuary)
  A jackal skeleton (D:3)
  3 kobolds
  4 kobold zombies
  5 quokka zombies (Ossuary)
  4 rats
  2 rat zombies (Ossuary)
258 creatures vanquished.

Vanquished Creatures (others)
  An ogre (D:9)
1 creature vanquished.

Grand Total: 259 creatures vanquished

Notes
Turn   | Place    | Note
--------------------------------------------------------------
     0 | D:1      | demenator the Minotaur Fighter began the quest for the Orb.
     0 | D:1      | Reached XP level 1. HP: 19/19 MP: 0/0
    86 | D:1      | Reached skill level 4 in Fighting
   114 | D:1      | Reached XP level 2. HP: 27/27 MP: 1/1
   472 | D:2      | Reached XP level 3. HP: 13/33 MP: 2/2
   968 | D:2      | Reached XP level 4. HP: 27/41 MP: 3/3
  1378 | D:2      | Found an opulent altar of Gozag.
  1442 | D:2      | Reached XP level 5. HP: 47/47 MP: 4/4
  1707 | D:3      | Reached skill level 5 in Fighting
  1718 | D:3      | Reached skill level 5 in Shields
  2073 | D:3      | Found a white marble altar of Elyvilon.
  2191 | D:3      | Reached XP level 6. HP: 56/56 MP: 5/5
  2237 | D:3      | Reached skill level 5 in Armour
  2636 | D:4      | Found a sand-covered staircase.
  2642 | Ossuary  | Entered an ossuary
  2652 | Ossuary  | Reached skill level 5 in Long Blades
  3147 | D:4      | Found a staircase to the Ecumenical Temple.
  3162 | D:4      | Got an ancient emerald amulet
  3171 | Temple   | Entered the Ecumenical Temple
  3426 | Temple   | Became a worshipper of Ru the Awakened
  3439 | Temple   | Gained mutation: Your muscles are strong. (Str +2) [potion of mutation]
  3439 | Temple   | Gained mutation: You are agile. (Dex +2) [potion of mutation]
  3439 | Temple   | Gained mutation: Your mind is acute. (Int +2) [potion of mutation]
  3645 | Temple   | Identified the amulet "Velaj" {Gourm Stlth+} (You found it on level 4 of the Dungeon)
  3875 | D:4      | Reached skill level 6 in Fighting
  3875 | D:4      | Reached XP level 7. HP: 59/63 MP: 6/6
  3884 | D:4      | Noticed Duvessa
  3885 | D:4      | Noticed Dowan
  3912 | D:4      | Killed Duvessa
  3922 | D:4      | Killed Dowan
  3966 | D:4      | Noticed Eustachio
  3995 | D:4      | Killed Eustachio
  4274 | D:4      | Found a burning altar of Makhleb.
  4275 | D:4      | Found a radiant altar of Vehumet.
  4663 | D:4      | Reached XP level 8. HP: 46/71 MP: 7/7
  4679 | D:4      | Reached skill level 7 in Fighting
  5081 | D:5      | Entered Level 5 of the Dungeon
  5101 | D:5      | Noticed Edmund
  5134 | D:5      | Killed Edmund
  5854 | D:5      | Gained mutation: You cannot be stealthy. [Ru sacrifice]
  6134 | D:5      | Reached skill level 8 in Fighting
  6134 | D:5      | Reached XP level 9. HP: 24/81 MP: 8/8
  6892 | D:6      | Found a deep blue altar of Sif Muna.
  7029 | D:6      | Noticed mrath's ghost (experienced MiFi)
  7348 | D:5      | Upgraded the game from 0.17-a0-1646-geb1493d to 0.17-a0-1648-g0a089d4
  7765 | D:6      | Killed mrath's ghost
  8119 | D:7      | Reached skill level 9 in Armour
  8300 | D:7      | Gained mutation: You are missing a hand. [Ru sacrifice]
  8300 | D:7      | Acquired Ru's first power
  8300 | D:7      | Acquired Ru's second power
  8300 | D:7      | Acquired Ru's third power
  8300 | D:7      | Acquired Ru's fourth power
  8472 | D:7      | Found a sacrificial altar of Ru.
  8701 | D:8      | Found a glowing silver altar of Zin.
  8758 | D:8      | Found a staircase to the Lair.
  8936 | D:8      | Noticed Maurice
  8947 | D:8      | Killed Maurice
  8947 | D:8      | Reached XP level 10. HP: 56/91 MP: 9/9
  9323 | D:9      | Reached skill level 10 in Armour
  9477 | D:9      | Found an ancient bone altar of Kikubaaqudgha.
  9481 | D:9      | Found a snail-covered altar of Cheibriados.
  9484 | D:9      | Found a bloodstained altar of Trog.
  9587 | D:9      | Reached skill level 10 in Fighting
  9864 | D:9      | Noticed Joseph
  9883 | D:9      | Killed Joseph
 10052 | D:9      | Gained mutation: You are hated by all. [Ru sacrifice]
 10052 | D:9      | Acquired Ru's fifth power
 10153 | D:9      | Found a stormy altar of Qazlal.
 10158 | D:9      | Found a shimmering altar of Xom.
 10210 | D:9      | Reached skill level 10 in Long Blades
 10403 | D:9      | Mangled by an enormous slime creature

Vault maps used:
D:1:      scummos_arrival_simple_crosswalls
D:2:      nicolae_gozag_seed_capital, first_bread, kennysheep_decorative_pillar
D:3:      overflow_temple_1_default, serial_undead, serial_undead_b,
          serial_undead_a, serial_undead_e, serial_undead_d, serial_undead_a,
          serial_undead_f, hangedman_decor_peaks_small
D:4:      grunt_temple_overflow_lords_of_destruction,
          minmay_temple_entry_water_ring, nicolae_ossuary_entry_giza,
          uniq_duvessa, uniq_eustachio
D:5:      serial_bayou_pond_a, uniq_edmund
D:6:      lemuel_crystal_altar
D:7:      kennysheep_six_static_rooms, basic_altar
D:8:      lemuel_crystal_altar, due_lair_maze_entry_diamond, uniq_maurice
D:9:      minitemple, minmay_overflow_temple_star_quad, blue_anna_alchemist,
          uniq_joseph
Temple:   minmay_temple_bridge_a_8
Ossuary:  ossuary_minmay_chase

Action                   |  1- 3 |  4- 6 |  7- 9 | 10-12 || total
-------------------------+-------+-------+-------+-------++-------
Melee: Long sword        |    82 |   261 |   423 |   142 ||   908
Invok: Sacrifice Stealth |       |       |     1 |       ||     1
       Sacrifice a Hand  |       |       |     1 |       ||     1
       Sacrifice Love    |       |       |       |     1 ||     1
  Use: Potion            |     3 |     9 |     4 |       ||    16
       Scroll            |       |    10 |     2 |       ||    12
 Stab: Invisible         |       |       |       |     3 ||     3
  Eat: Bread ration      |       |     2 |     2 |     1 ||     5
       Royal jelly       |       |     2 |       |       ||     2
       Meat ration       |       |       |     1 |       ||     1
       Beef jerky        |       |       |     1 |       ||     1
       Fruit             |       |       |       |    10 ||    10
